 Dungeon Crawl Stone Soup version 0.26-a0-854-gdc81c2f471 (webtiles) character file.

Game seed: 10482532387377054338

79 iamoutofideas the Firebug (level 4, -3/27 HPs)
             Began as an Octopode Fire Elementalist on Nov 23, 2020.
             Slain by an orc wizard
             ... wielding a +0 dagger
              (5 damage)
             ... on level 2 of the Dungeon.
             The game lasted 00:03:06 (2774 turns).

iamoutofideas the Firebug (OpFE)                    Turns: 2774, Time: 00:03:07

Health: -3/27      AC:  1    Str:  8    XL:     4   Next: 38%
Magic:  0/8        EV: 13    Int: 17    God:
Gold:   190        SH:  0    Dex: 12    Spells: 4/8 levels left

rFire    . . .     SeeInvis .   i - +3 dagger
rCold    . . .     Faith    .   (no shield)
rNeg     . . .     Spirit   .   (helmet restricted)
rPois    .         Reflect  .   (no amulet)
rElec    .         Harm     .   (no ring)
rCorr    .         Rampage  .   (no ring)
MR       .....                  (no ring)
Stlth    +++.......             (no ring)
HPRegen  0.09/turn              (no ring)
MPRegen  0.11/turn              (no ring)
                                (no ring)
                                (no ring)

@: flying, very slightly contaminated, hasted, invisible, very quick
A: almost no armour, stealthy swim, amphibious, 8 rings, constrict 8, camouflage
1, gelatinous body 1
a: no special abilities


You were on level 2 of the Dungeon.
You visited 1 branch of the dungeon, and saw 3 of its levels.

You collected 190 gold pieces.

Inventory:

Hand Weapons
 i - a +3 dagger (weapon)
Scrolls
 a - 2 scrolls of blinking {unknown}
 b - a scroll of enchant weapon {unknown}
 d - 2 scrolls of teleportation {unknown}
 e - 2 scrolls of noise {unknown}
 f - 5 scrolls of identify {unknown}
 g - 2 scrolls of magic mapping {unknown}
 h - a scroll of fear {unknown}
 k - a scroll of immolation {unknown}
 m - a scroll of remove curse {unknown}
Potions
 c - 2 potions of flight
 n - a potion of haste
 o - 2 potions of brilliance {unknown}


   Skills:
 - Level 2.0 Dodging
 - Level 2.8 Stealth
 + Level 2.8 Spellcasting
 + Level 2.0 Conjurations
 + Level 4.0 Fire Magic


You had 4 spell levels left.
You knew the following spells:

 Your Spells              Type           Power        Failure   Level
a - Foxfire               Conj/Fire      ##..         5%          1
b - Conjure Flame         Conj/Fire      ##......     16%         3

Your spell library contained the following spells:

 Spells                   Type           Power        Failure   Level
 Inner Flame              Hex/Fire       #.......     24%         3
 Sticky Flame             Conj/Fire      ##......     45%         4
 Fireball                 Conj/Fire      ##........   82%         5


Dungeon Overview and Level Annotations

Branches:
Dungeon (3/15)

Altars:


Innate Abilities, Weirdness & Mutations

You cannot wear most types of armour.
You are very stealthy in the water. (Stealth+)
You are amphibious.
You can wear up to eight rings at the same time.
You can use your tentacles to constrict eight enemies at once.
Your skin changes colour to match your surroundings (Stealth+).
Your rubbery body absorbs attacks. (AC +1, EV +1)


Message History

Confirm with . or Enter, or press ? or * to list all spells.
You don't have enough magic to cast that spell.
Your foxfire dissipates!
The foxfire hits the orc wizard.
The orc wizard is heavily wounded.
The orc wizard gestures at something while chanting.
The magic dart hits you!
* * * LOW HITPOINT WARNING * * *
You hit the orc wizard. Your grab misses the orc wizard.
The orc wizard is heavily wounded.
You feel yourself speed up. The orc wizard barely misses you.
You hit the orc wizard but do no damage.
Your grab misses the orc wizard.
The orc wizard is heavily wounded.
You hit the orc wizard. Your grab misses the orc wizard.
Your squeeze misses the orc wizard.
The orc wizard is severely wounded.
The orc wizard hits you with a +0 dagger.
You die...

.# #.[.#......#####
#.### .#
#...##.....# #....
.# #....[.....#
##### .#
#.#.##.##'## .#
#.........#
########## ########
####.#.####
#........# .......#
#.#.# #........#
######.# #...#
#........#
####.######
##@.######.........
###.........#
#o>...........)..#
..#.........#
#########.........
..#.........#
#............#
..#.........#
#.#.#.........
..#.........#
#.#.#.........
..#.........#
#.#.##.....>#.
..#.........#
#.#.#######.#.
######.###### #.#.#
#.#.


You could see an orc wizard (fast).

Vanquished Creatures
  A gnoll (D:1)
  2 adders
  2 dart slugs (D:1)
  A leopard gecko (D:1)
  A giant cockroach (D:1)
  6 goblins
  6 hobgoblins
  7 jackals
  A kobold (D:1)
  A ball python (D:2)
  10 bats
  A frilled lizard (D:2)
  4 rats
43 creatures vanquished.

Vanquished Creatures (collateral kills)
  A foxfire (D:1)
1 creature vanquished.

Vanquished Creatures (others)
  107 foxfires
  13 plants (D:1)
120 creatures vanquished.

Grand Total: 164 creatures vanquished

Notes
Turn   | Place    | Note
-------+----------+-------------------------------------------
     0 | D:1      | iamoutofideas the Octopode Fire Elementalist began the
                  | quest for the Orb.
     0 | D:1      | Reached XP level 1. HP: 11/11 MP: 3/3
    39 | D:1      | Reached XP level 2. HP: 3/17 MP: 0/5
   719 | D:1      | Reached XP level 3. HP: 21/21 MP: 2/6
  1169 | D:1      | Learned a level 3 spell: Conjure Flame
  1952 | D:2      | Reached XP level 4. HP: 27/27 MP: 2/7
  2753 | D:3      | Reached skill level 4 in Fire Magic
  2756 | D:2      | HP: 1/27 [orc wizard/magic dart (9)]
  2774 | D:2      | Slain by an orc wizard

Illustrated notes

Levels and vault maps discovered:
D:1:      nzn_arrival_water_spiral, layout_loops_ring, minmay_fountain_box,
          serial_bayou_lake_a
D:2:      layout_basic, serial_bayou_crossing
D:3:      layout_loops_corners, chequers_ecumenical_altar_twisty,
          grunt_ministairs_1, kennysheep_generic_room_9

Skill      XL: |  1  2  3  4 |
---------------+-------------+-----
Conjurations   | 2 |  2.0
Fire Magic     | 4 |  4.0
Dodging        | |  2.0
Stealth        | |  2.8
Spellcasting   | |  2.8

Action                   |  1- 3 |  4- 6 || total
-------------------------+-------+-------++-------
Melee: Unarmed           |    14 |       ||    14
       Constrict         |     7 |     3 ||    10
       Tentacles         |     1 |     2 ||     3
       Dagger            |    11 |    12 ||    23
 Cast: Foxfire           |    64 |    22 ||    86
  Use: Potion            |       |     5 ||     5
 Stab: Sleeping          |     3 |       ||     3
Armor: Skin              |     8 |     1 ||     9
Dodge: Dodged            |    39 |    13 ||    52

Table legend: (Time is in decaauts)
 A = Elapsed time spent in this place.
 B = Non-inter-level travel time spent in this place.
 C = Inter-level travel time spent in this place.
 D = Time resting spent in this place.
 E = Time spent auto-exploring this place.
 F = Levels seen in this place.
 G = Mean time per level.
                   A        B        C        D        E       F      G
               +--------+--------+--------+--------+--------+-----+--------+
         Total |   2774 |   2683 |     91 |    442 |   1865 |   3 |  924.7 |
       Dungeon |   2774 |   2683 |     91 |    442 |   1865 |   3 |  924.7 |
               +--------+--------+--------+--------+--------+-----+--------+

Top non-repeatable levels by time:
     D:1: 1700 daAuts
     D:2: 1058 daAuts
     D:3: 14 daAuts
